Map: Dusk Towers

Players

Incursion

  • Race: Protoss Protoss
  • League: Platinum

SticklerMac - Winner!

  • Race: Zerg Zerg
  • League: Gold

VOD

Have the link to the VOD?

Description

Time

  • Played on: Nov. 10, 2015, 10:16 a.m.
  • Length: 11:23
Show
View Real Time Build Order
Export as new Build Order

Incursion Protoss 

Build Orders: 1 Gate Expand 

Get SALT Encoding   

  12  0:01  Probe (Chrono Boost)  
  13  0:11  Probe (Chrono Boost)  
  14  0:18  Pylon  
  14  0:22  Probe (Chrono Boost)  
  15  0:36  Probe (Chrono Boost)  
  15  0:37  Gateway  
  16  0:47  Probe (Chrono Boost)  
  17  1:09  Nexus  
  17  1:12  Probe (Chrono Boost)  
  17  1:16  Assimilator  
  18  1:23  Probe (Chrono Boost)  
  19  1:30  Cybernetics Core  
  19  1:33  Probe (Chrono Boost)  
  20  1:40  Assimilator  
  20  1:44  Probe (Chrono Boost)  
  21  1:48  Pylon  
  21  1:56  Probe (Chrono Boost)  
  22  2:06  Probe (Chrono Boost)  
  22  2:07  Adept (Chrono Boost)  
  25  2:09  Warp Gate  
  25  2:18  Probe  
  25  2:20  Probe  
  27  2:30  Probe  
  27  2:31  Adept (Chrono Boost)  
  27  2:34  Probe  
  31  2:42  Probe  
  32  2:51  Probe, Robotics Facility  
  32  2:54  Mothership Core  
  32  2:58  Adept (Chrono Boost)  
  37  3:01  Probe  
  38  3:07  Pylon  
  38  3:12  Probe  
  39  3:23  Probe  
  39  3:25  Probe  
  41  3:35  Probe  
  41  3:36  Probe  
  43  3:42  Warp Prism  
  43  3:47  Probe  
  43  3:48  Probe  
  45  3:58  Probe  
  45  3:59  Probe  
  47  4:03  Forge  
  47  4:04  Nexus  
  47  4:05  Pylon  
  47  4:07  Twilight Council  
  47  4:09  Probe  
  47  4:12  Probe  
  47  4:13  Assimilator  
  49  4:18  Assimilator  
  49  4:24  Probe  
  49  4:25  Probe  
  49  4:28  Observer  
  52  4:33  Gateway  
  52  4:36  Gateway  
  52  4:38  Probe  
  52  4:39  Probe, Photon Cannon  
  52  4:42  Pylon  
  52  4:43  Protoss Ground Weapons Level 1 (Chrono Boost)  
  54  4:51  Probe x2  
  56  5:02  Probe  
  56  5:03  Probe  
  56  5:05  Blink (Chrono Boost)  
  58  5:13  Probe  
  58  5:15  Probe  
  60  5:23  Probe  
  60  5:27  Probe  
  62  5:28  Pylon  
  62  5:29  Gateway  
  62  5:34  Probe  
  63  5:37  Immortal  
  63  5:39  Probe  
  63  5:42  Stalker x3  
  74  5:44  Probe  
  75  5:51  Probe  
  75  5:55  Probe  
  77  6:03  Probe  
  78  6:05  Probe  
  78  6:10  Stalker x3  
  79  6:15  Gateway  
  79  6:16  Photon Cannon  
  79  6:19  Pylon  
  75  6:31  Protoss Ground Weapons Level 2 (Chrono Boost)  
  75  6:33  Stalker  
  75  6:35  Stalker x2  
  81  6:40  Pylon  
  81  6:41  Probe, Pylon  
  81  6:43  Probe  
  83  6:49  Gateway  
  83  6:50  Gateway  
  83  6:52  Probe  
  83  6:54  Stalker  
  86  6:55  Probe  
  86  6:57  Stalker  
  86  6:58  Stalker x2  
  93  7:13  Probe  
  93  7:15  Probe  
  94  7:22  Photon Cannon  
  94  7:23  Stalker x3  
  94  7:24  Stalker x2, Warp Prism  
  94  7:28  Probe  
  94  7:29  Probe  
  108  7:33  Assimilator  
  108  7:35  Assimilator  
  108  7:40  Pylon  
  108  7:41  Charge (Chrono Boost)  
  108  7:48  Gateway  
  108  7:50  Gateway  
  108  7:52  Gateway  
  108  7:54  Pylon  
  108  7:55  Pylon  
  108  7:56  Stalker x3  
  108  7:57  Stalker, Pylon  
  116  7:59  Pylon x2  
  116  8:01  Pylon  
  116  8:02  Zealot x3  
  121  8:09  Pylon  
  121  8:10  Observer  
  122  8:30  Zealot  
  122  8:31  Zealot x4  
  122  8:32  Zealot x2  
  136  8:46  Pylon  
  136  8:49  Zealot  
  136  8:50  Zealot x2  
  136  8:51  Zealot x3  
  136  8:52  Zealot x2  
  116  9:25  Stalker x5  
  116  9:26  Stalker x3  
  116  9:27  Stalker x2  
  96  9:48  Sentry, Nexus  
  96  9:50  Templar Archives, Zealot x4  
  96  9:51  Pylon  
  96  9:52  Pylon  
  101  10:00  Stalker x3  
  101  10:01  Stalker x2  
  95  10:11  Stalker x2  
  85  10:15  Stalker x3  
  91  10:25  Pylon  
  82  10:30  Pylon  
  82  10:32  Stalker x4  
  82  10:33  Stalker  
  81  10:41  Zealot x2  
  81  10:42  Zealot  
  71  10:44  Stalker x2  
  71  10:45  Stalker  
  65  10:59  Stalker x2  
  67  11:04  Zealot x3  
  61  11:11  Stalker  
  61  11:12  Stalker x2  
Show
View Real Time Build Order
Export as new Build Order

SticklerMac Zerg - Winner!

Build Orders: Hatch First 

Get SALT Encoding   

  12  0:01  Drone  
  13  0:09  Drone  
  14  0:17  Overlord  
  14  0:35  Drone x3  
  17  0:46  Drone  
  18  0:57  Hatchery  
  18  1:00  Drone  
  18  1:04  Extractor  
  17  1:13  Spawning Pool  
  17  1:16  Drone  
  17  1:24  Drone  
  18  1:30  Overlord  
  18  1:40  Drone  
  19  1:53  Drone  
  20  2:01  Queen  
  20  2:04  Metabolic Boost  
  22  2:09  Queen  
  22  2:11  Drone x2  
  22  2:14  Drone  
  27  2:22  Drone  
  28  2:27  Drone  
  29  2:34  Drone x2  
  29  2:35  Extractor  
  30  2:46  Drone x2  
  32  2:55  Overlord x2  
  31  3:01  Lair  
  31  3:03  Queen  
  33  3:10  Overlord  
  33  3:14  Drone x2  
  33  3:17  Drone  
  33  3:19  Drone  
  37  3:24  Drone  
  36  3:30  Drone x3  
  36  3:33  Drone  
  40  3:38  Drone x2  
  42  3:45  Queen  
  43  3:51  Drone  
  43  3:52  Drone  
  43  3:54  Drone  
  46  3:57  Extractor  
  46  3:59  Extractor  
  46  4:01  Spire  
  43  4:06  Drone x3  
  43  4:08  Drone  
  47  4:14  Drone x3  
  47  4:15  Drone  
  51  4:35  Drone  
  52  4:46  Overlord x2  
  52  4:52  Drone  
  53  4:59  Hatchery  
  52  5:12  Queen x2  
  55  5:16  Drone  
  55  5:17  Drone x3  
  55  5:20  Mutalisk x5  
  55  5:21  Mutalisk x2  
  68  5:46  Mutalisk  
  68  5:47  Mutalisk x3  
  76  5:54  Overseer  
  76  5:56  Overseer  
  75  6:13  Overlord x2  
  75  6:14  Overlord x2  
  75  6:23  Overlord x2  
  75  6:24  Overlord  
  75  6:40  Mutalisk x5  
  85  6:49  Mutalisk  
  87  7:06  Mutalisk x2  
  91  7:24  Mutalisk x2  
  91  7:29  Zergling x28  
  109  7:37  Drone x2  
  109  7:38  Drone  
  112  7:49  Mutalisk  
  112  7:50  Mutalisk  
  116  7:51  Mutalisk  
  116  7:54  Zergling x8  
  122  8:03  Overlord  
  122  8:13  Overlord x3  
  120  8:42  Mutalisk x2  
  120  8:43  Mutalisk x3, Zergling x2  
  120  8:44  Zergling x8  
  135  8:59  Mutalisk x2  
  135  9:00  Zergling x6  
  135  9:01  Zergling x8  
  139  9:15  Mutalisk x2  
  139  9:16  Zergling x2  
  139  9:17  Zergling x4  
  136  9:22  Zergling x6  
  136  9:23  Zergling x2  
  119  9:31  Zergling x4  
  119  9:32  Zergling x12  
  127  9:44  Mutalisk  
  127  9:45  Mutalisk x2  
  129  9:48  Zergling x2  
  134  9:58  Mutalisk  
  132  10:00  Zergling x8  
  114  10:21  Mutalisk x3  
  113  10:22  Zergling x4  
  113  10:23  Zergling x20  
  125  10:37  Mutalisk x2  
  125  10:39  Zergling x2  
  120  10:49  Zergling x4  
  117  10:50  Zergling x8  
Tags
 
Add a new tag
Caveats
  • Supply blocks, unpowered buildings, or Contaminate may cause inaccurate times.
  • Supply counts are checked every 10 seconds.